AoeStats
← 只会打步弓

Arabia

507507653Analyzed
1v1 RM · 14d ago on Sep 18, 2026· 36m 32s· 2 players
Game mode
Random Map
Map size
Tiny (2 player)
Population
200
Speed
Normal
Resources
Standard
Victory
Conquest
Starting age
Dark Age
Ending age
Imperial Age
RankedLock teamsTeams togetherTeam positionsShared explorationLock speedFull tech treeHidden civsTurbo modeCheats
Victory
Defeat
🇹🇷 Teutons · Türkiye
1944
+12
🇨🇳 Mapuche · China
1852
-12
只会打步弓
6:22 Loom
8:41 Feudal Age
11:19 Double-Bit Axe
11:36 Horse Collar
18:43 Castle Age
17:04 Champi Runner
17:56 Forging
17:48 Scale Mail Armor
19:13 Forging
22:21 Chain Mail Armor
23:24 Champi Warrior
Bugra
6:23 Loom
8:54 Feudal Age
10:02 Double-Bit Axe
19:35 Castle Age
17:40 Fletching
17:52 Horse Collar
20:12 Bodkin Arrow
19:38 Crossbowman
22:04 Bow Saw
29:06 Wheelbarrow
30:51 Scale Barding Armor
30:57 Bloodlines
30:58 Forging
36:24 Imperial Age
34:44 Forging
35:23 Hand Cart
35:56 Chain Barding Armor
36:36 Iron Casting
37:42 Plate Barding Armor
36:30 Capped Ram
Connection lost

Rejoining the realm…

Still unreachable

The connection could not be restored.

Session expired

The server has moved on; the page needs a fresh start.